Map: Lerilak Crest

Players

CapnAmerica

  • Race: Terran Terran
  • League: Gold

LilDicky - Winner!

  • Race: Terran Terran
  • League: Diamond

VOD

http://www.twitch.tv/tumescentpie

Description

Time

  • Played on: Dec. 25, 2015, 12:13 a.m.
  • Length: 6:52
Show
View Real Time Build Order
Export as new Build Order

CapnAmerica Terran 

Build Orders: Reaper Expand 

Get SALT Encoding   

  12  0:03  SCV  
  13  0:15  SCV  
  13  0:19  Supply Depot  
  14  0:27  SCV  
  15  0:40  SCV  
  15  0:42  Barracks  
  16  0:46  Refinery  
  16  0:53  SCV  
  17  1:05  SCV  
  18  1:20  SCV  
  19  1:30  Reaper  
  19  1:32  Orbital Command  
  20  1:47  Command Center  
  20  1:59  SCV  
  21  2:05  Supply Depot  
  21  2:11  SCV  
  22  2:17  Barracks Reactor  
  22  2:23  SCV  
  23  2:35  SCV  
  24  2:38  Factory  
  24  2:42  Supply Depot  
  24  2:43  Refinery  
  24  2:48  SCV  
  25  2:54  Marine  
  25  2:55  Marine  
  27  3:00  SCV, Orbital Command  
  28  3:12  SCV  
  29  3:18  Marine x2  
  31  3:22  Orbital Command  
  31  3:30  SCV, Bunker  
  31  3:32  Widow Mine  
  31  3:33  Starport  
  34  3:36  Marine x2  
  36  3:42  SCV  
  36  3:55  Marine  
  36  3:56  Marine  
  36  3:59  SCV  
  36  4:00  SCV  
  36  4:01  Widow Mine  
  42  4:06  Barracks  
  42  4:07  Barracks  
  42  4:11  SCV  
  42  4:12  SCV  
  42  4:13  Marine x2  
  48  4:17  Viking  
  48  4:24  SCV  
  49  4:26  SCV  
  50  4:33  Marine x2  
  50  4:35  Factory Tech Lab  
  50  4:36  SCV  
  53  4:39  Supply Depot  
  53  4:41  Supply Depot  
  49  5:06  Marine x2  
  44  5:17  Marine x2  
  44  5:23  Siege Tank  
  44  5:24  Marine x2  
  49  5:35  Marine x2  
  41  5:42  Marine  
  43  5:43  SCV  
  44  5:53  Marine  
  44  5:55  SCV  
  45  6:11  Factory  
  39  6:27  SCV  
  39  6:29  Marine  
  42  6:39  SCV  
Show
View Real Time Build Order
Export as new Build Order

LilDicky Terran - Winner!

Build Orders: Liberator Opening 

Get SALT Encoding   

  12  0:02  SCV  
  13  0:14  SCV  
  13  0:17  Supply Depot  
  14  0:26  SCV  
  15  0:33  Refinery  
  15  0:39  SCV  
  16  0:46  Barracks  
  16  0:51  SCV  
  17  1:03  SCV  
  18  1:15  SCV  
  19  1:28  SCV  
  20  1:36  Marine  
  21  1:40  Supply Depot, Orbital Command  
  21  1:45  Factory  
  21  1:49  Refinery  
  21  2:01  Barracks  
  21  2:03  Marine  
  22  2:08  SCV  
  22  2:12  Supply Depot  
  23  2:21  Marine  
  24  2:33  Factory Tech Lab  
  24  2:36  Starport  
  24  2:38  Marine  
  25  2:49  Marine  
  26  2:56  Marine  
  26  2:57  Siege Tank  
  30  3:02  Supply Depot  
  30  3:07  SCV, Marine  
  30  3:08  Liberator  
  32  3:14  Marine  
  34  3:25  Marine  
  36  3:32  Marine  
  37  3:34  SCV  
  37  3:37  Supply Depot  
  38  3:43  Marine  
  39  3:49  Siege Tank  
  39  3:50  SCV, Marine  
  44  4:02  SCV  
  45  4:03  Engineering Bay  
  45  4:04  Marine  
  46  4:19  Marine  
  46  4:21  Siege Tank  
  50  4:26  Marine  
  50  4:28  SCV  
  52  4:35  Missile Turret  
  52  4:36  Supply Depot  
  52  4:37  Marine  
  53  4:44  Marine  
  49  5:48  Marine x2  
  49  5:49  Siege Tank  
  54  5:50  Viking  
  50  6:11  SCV  
  49  6:19  Viking  
  49  6:23  SCV  
  45  6:29  Marine x2  
  47  6:35  SCV  
  48  6:45  Factory  
  51  6:49  Command Center  
  55  6:52  Refinery  
Tags
 
Add a new tag
Caveats
  • Supply blocks, unpowered buildings, or Contaminate may cause inaccurate times.
  • Supply counts are checked every 10 seconds.